 Dungeon Crawl Stone Soup version 0.28.0-45-g0d030f2227 (webtiles) character file.

Game seed: 11248402351042319195

63 mortz the Magician (level 3, -1/19 HPs)
             Began as a Deep Elf Air Elementalist on Apr 20, 2022.
             Slain by an ogre
             ... wielding a +0 giant club
              (19 damage)
             ... on level 2 of the Dungeon.
             The game lasted 00:06:56 (2055 turns).

mortz the Magician (Deep Elf Air Elementalist)      Turns: 2055, Time: 00:06:57

Health: -1/19      AC:  4    Str:  5    XL:     3   Next: 89%
Magic:  4/10       EV: 12    Int: 21    God:
Gold:   73         SH:  0    Dex: 15    Spells: 7/10 levels left

rFire   . . .      SeeInvis .   j - +0 dagger (speed) {short}
rCold   + . .      Faith    .   (no shield)
rNeg    . . .      Spirit   .   m - +1 robe {rC+}
rPois   .          Reflect  .   (no helmet)
rElec   .          Harm     .   (no cloak)
rCorr   .          Rampage  .   (no gloves)
Will    .....                   f - +0 pair of boots
Stlth   ++........              (no amulet)
HPRegen 0.06/turn               (no ring)
MPRegen 0.12/turn               (no ring)

@: no status effects
A: no striking features
a: no special abilities


You were on level 2 of the Dungeon.
You visited 1 branch of the dungeon, and saw 2 of its levels.

You collected 73 gold pieces.


   Skills:
 + Level 2.6 Dodging
 + Level 2.9 Stealth
 + Level 4.2 Spellcasting
 + Level 2.0 Conjurations
 + Level 3.6 Air Magic


You had 7 spell levels left.
You knew the following spells:

 Your Spells              Type           Power      Damage    Failure   Level
a - Shock                 Conj/Air       64%        1d7       3%          1
b - Static Discharge      Conj/Air       16%        N/A       5%          2

Your spell library contained the following spells:

 Spells                   Type           Power      Damage    Failure   Level
 Swiftness                Air            19%        N/A       9%          3
 Airstrike                Air            9%         N/A       26%         4

Inventory:

Hand Weapons
 d - a +0 club {mace}
   (You took it off a goblin on level 1 of the Dungeon)
 j - a +0 dagger of speed (weapon) {short}
   (You found it on level 1 of the Dungeon)
Armour
 f - a +0 pair of boots (worn)
   (You found it on level 1 of the Dungeon)
 m - a +1 robe of cold resistance (worn)
   (You found it on level 2 of the Dungeon)
Jewellery
 h - a ring of ice
   (You found it on level 1 of the Dungeon)
Scrolls
 c - a scroll of immolation {unknown}
 e - a scroll of fog {unknown}
 g - a scroll of holy word {unknown}
 i - a scroll of identify {unknown}
 k - a scroll of fear {unknown}
 l - a scroll of teleportation {unknown}
Potions
 b - 3 potions of degeneration {unknown}

Dungeon Overview and Level Annotations

Branches:
Dungeon (2/15)

Altars:

#########################
#..>.......O@...........##
###.###################..#
........# ##.#
.....####.###############.####
#.....+..O.....................
#...r.#<.#.################(##.
#....J##.#.# ####..#.
#........#.# #...#.#.
#+#######.# #...#...


You could see an ogre.


Message History

Your hp is fully restored (19).
Your mp is fully restored (10).
Aiming: Shock (safe; 3% risk of failure)
Press: ? - help, Q - select action, (/) - cycle Shift-Dir - straight line, f - goblin
Aim: a goblin, wielding a +0 dagger (asleep, 100% to hit)
The zap hits the goblin.
You kill the goblin!
Your Conjurations skill increases to level 2! 😎 MP[-1]
You lost 1 mp, and now have 9/10 mp.
There is an open door here.
Found a stone staircase leading down. 😎 MP[+1]
Your mp is fully restored (10).
You see here a +0 flail {mace}.
There is a stone staircase leading down here.
You open the door.
There is an open door here.
m - a +1 robe of cold resistance You start removing your armour.
You continue taking off your +0 robe. x4
You finish taking off your +0 robe.
You start putting on your armour.
You continue putting on your +1 robe of cold resistance. x5
You finish putting on your +1 robe of cold resistance.
You feel resistant to cold.
You drop a +0 robe.
A dart slug comes into view.
Aiming: Shock (safe; 3% risk of failure)
Press: ? - help, Q - select action, (/) - cycle Shift-Dir - straight line, f - dart slug
Aim: a dart slug (asleep, 100% to hit)
The zap hits the dart slug.
The dart slug launches a dart at you. The slug dart misses you. 😎 MP[-1]
You lost 1 mp, and now have 9/10 mp.
Aiming: Shock (safe; 3% risk of failure)
Press: ? - help, Q - select action, (/) - cycle Shift-Dir - straight line, f/p - dart slug
Aim: a dart slug (heavily wounded, 100% to hit)
The zap hits the dart slug. 😎 MP[-1]
You lost 1 mp, and now have 8/10 mp.
Aiming: Shock (safe; 3% risk of failure)
Press: ? - help, Q - select action, (/) - cycle Shift-Dir - straight line, f/p - dart slug
Aim: a dart slug (almost dead, 100% to hit)
The zap hits the dart slug.
You kill the dart slug! 😎 MP[-1]
You lost 1 mp, and now have 7/10 mp.
You now have 73 gold pieces (gained 12).
Found a stone staircase leading up. 😎 MP[+3]
Your mp is fully restored (10).
You see here a dart slug corpse.
There is an open door here.
The ogre shouts!
You see here a rat skeleton.
There is a stone staircase leading up here.
You climb upwards.
There is a stone staircase leading down here.
There is an open door here.
There is a stone staircase leading down here.
You climb downwards.
There is a stone staircase leading up here.
You see here a dart slug corpse.
There is an open door here.
Things that are here:
2 stones {throwing}; a +0 short sword {short}
Found a stone staircase leading down.
A rat and an endoplasm come into view.
The ogre shouts!
Aiming: Shock (safe; 3% risk of failure)
Press: ? - help, Q - select action, (/) - cycle Shift-Dir - straight line, f - ogre
Aim: an ogre, wielding a +0 giant club (86% to hit)
The zap hits the ogre. 😎 MP[-1]
You lost 1 mp, and now have 9/10 mp.
Aiming: Shock (safe; 3% risk of failure)
Press: ? - help, Q - select action, (/) - cycle Shift-Dir - straight line, f/p - ogre
Aim: an ogre, wielding a +0 giant club (lightly wounded, 86% to hit)
The zap hits the ogre. 😎 MP[-1]
You lost 1 mp, and now have 8/10 mp.
Aiming: Shock (safe; 3% risk of failure)
Press: ? - help, Q - select action, (/) - cycle Shift-Dir - straight line, f/p - ogre
Aim: an ogre, wielding a +0 giant club (lightly wounded, 86% to hit)
The zap hits the ogre. 😎 MP[-1]
You lost 1 mp, and now have 7/10 mp.
Aiming: Shock (safe; 3% risk of failure)
Press: ? - help, Q - select action, (/) - cycle Shift-Dir - straight line, f/p - ogre
Aim: an ogre, wielding a +0 giant club (moderately wounded, 86% to hit)
The zap hits the ogre. 😎 MP[-1]
You lost 1 mp, and now have 6/10 mp.
Casting: Shock (safe; 3% risk of failure)
Confirm with . or Enter, or press ? or * to list all spells.
The ogre is struck by an arc of lightning.
You are struck by an arc of lightning.
The lightning grounds out.
The ogre hits you with a +0 giant club!!
Ouch! That really hurt!
You die...

Skill      XL: |  1  2  3 |
---------------+----------+-----
Spellcasting   | 4 |  4.2
Conjurations   | 2 |  2.0
Dodging        | |  2.6
Stealth        | |  2.9
Air Magic      | |  3.6

Action                   || total
-------------------------++-------
Melee: Club              ||     6
 Cast: Shock             ||    85
       Static Discharge  ||     8
Armor: Robe              ||     4
Dodge: Dodged            ||     8

Levels and vault maps discovered:
D:1:      amcnicky_arrival_choice, layout_rooms,
          chequers_ecumenical_altar_simple, minivault_27
D:2:      layout_basic

Notes
Turn   | Place    | Note
-------+----------+-------------------------------------------
     0 | D:1      | mortz the Deep Elf Air Elementalist began the quest for the
                  | Orb.
     0 | D:1      | Reached XP level 1. HP: 10/10 MP: 6/6
     0 | D:1      | magus.rc [v1.9.6]
   288 | D:1      | Reached XP level 2. HP: 15/15 MP: 6/8
   319 | D:1      | Learned a level 2 spell: Static Discharge
   892 | D:1      | Found a faded altar of an unknown god.
  1051 | D:1      | Reached XP level 3. HP: 19/19 MP: 7/10
  1369 | D:2      | Noticed an ogre
  1661 | D:2      | Reached skill level 4 in Spellcasting
  1728 | D:2      | Reached skill level 2 in Conjurations
  2055 | D:2      | Slain by an ogre

Vanquished Creatures
  An adder (D:2)
  A worm (D:2)
  4 dart slugs
  2 bats
  4 endoplasms (D:1)
  2 giant cockroaches
  8 goblins
  2 hobgoblins
  4 ball pythons
  6 frilled lizards
  2 kobolds
  7 rats
43 creatures vanquished.

Table legend:
 A = Non-vault XP
 B = Vault XP
 C = Vault XP percentage of total XP
 D = Non-vault monster count
 E = Vault monster count
 F = Vault count percentage of total count
                 A         B        C        D         E       F
            +---------+---------+-------+---------+---------+-------
      Total |      91 |       0 |   0.0 |      43 |       0 |   0.0
            +---------+---------+-------+---------+---------+-------
        D:1 |      45 |       0 |   0.0 |      25 |       0 |   0.0
        D:2 |      46 |       0 |   0.0 |      18 |       0 |   0.0
            +---------+---------+-------+---------+---------+-------

Illustrated notes

Table legend:
 A = Kills in this place as a percentage of kills in entire the game.
 B = Kills by you in this place as a percentage of kills by you in the entire game.
 C = Kills by friends in this place as a percentage of kills by friends in the entire game.
 D = Other kills in this place as a percentage of other kills in the entire game.
 E = Experience gained in this place as a percentage of experience gained in the entire game.
 F = Experience gained in this place divided by the number of levels of this place that you have seen.
                   A       B       C       D       E      F
               +-------+-------+-------+-------+-------+----------------------
         Total | 100.0 | 100.0 |   N/A |   N/A | 100.0 |  45.5
       Dungeon | 100.0 | 100.0 |   N/A |   N/A | 100.0 |  45.5
               +-------+-------+-------+-------+-------+----------------------

Table legend: (Time is in decaauts)
 A = Elapsed time spent in this place.
 B = Non-inter-level travel time spent in this place.
 C = Inter-level travel time spent in this place.
 D = Time resting spent in this place.
 E = Time spent auto-exploring this place.
 F = Levels seen in this place.
 G = Mean time per level.
                   A        B        C        D        E       F      G
               +--------+--------+--------+--------+--------+-----+--------+
         Total |   2057 |   1974 |     83 |     18 |   1684 |   2 | 1028.5 |
       Dungeon |   2057 |   1974 |     83 |     18 |   1684 |   2 | 1028.5 |
               +--------+--------+--------+--------+--------+-----+--------+

Top non-repeatable levels by time:
     D:1: 1234 daAuts
     D:2: 822 daAuts
